 Dungeon Crawl Stone Soup version 0.10.4 character file.

98 RKaid the Magician (level 3, 0/19 HPs)
             Began as a Sludge Elf Wizard on Apr 4, 2017.
             Slain by a hound (3 damage)
             ... on Level 1 of the Dungeon.
             The game lasted 00:04:21 (1070 turns).

RKaid the Magician (Sludge Elf Wizard)              Turns: 1070, Time: 00:04:21

HP   0/19        AC  2     Str  7      XL: 3   Next: 54%
MP   8/11        EV 12     Int 20      God:
Gold 56          SH  0     Dex 12      Spells:  5 memorised,  1 level left

Res.Fire  : . . .   See Invis. : .   h - +2,+0 elf short sword
Res.Cold  : . . .   Warding    : . . a - +0 elf robe
Life Prot.: . . .   Conserve   : .   (no shield)
Res.Acid. : . . .   Res.Corr.  : .   b - +0 elf wizard hat
Res.Poison: .       Clarity    : .   (no cloak)
Res.Elec. : .       Spirit.Shd : .   (no gloves)
Sust.Abil.: . .     Stasis     : .   (no boots)
Res.Mut.  : .       Ctrl.Telep.: .   (no amulet)
Res.Rott. : .       Levitation : .   (no ring)
Saprovore : . . .   Ctrl.Flight: .   (no ring)

@: very slightly contaminated, slightly resistant to hostile enchantments,
fairly stealthy
A: no striking features
a: no special abilities


You were on level 1 of the Dungeon.
You were not hungry.

You visited 1 branch of the dungeon, and saw 1 of its levels.

You collected 36 gold pieces.

Inventory:

Hand weapons
 h - a +2,+0 elven short sword (weapon)
Armour
 a - a +0 elven robe (worn)
 b - a +0 elven wizard hat (worn)
Comestibles
 d - 2 bread rations
 j - a choko
Scrolls
 e - a scroll of detect curse {unknown}
 f - a scroll of identify {unknown}
 i - a scroll of remove curse {unknown}
Potions
 g - a potion of curing {unknown}
 k - a potion of brilliance {unknown}
 l - a potion of heal wounds {unknown}
Books
 c - a book of Minor Magic

   Spells                             Type                      Level
   *Magic Dart                        Conjuration                  1
   *Blink                             Translocation                2
   *Call Imp                          Summoning                    2
   *Repel Missiles                    Charms/Air                   2
   Slow                               Hexes                        2
   Conjure Flame                      Conjuration/Fire             3
   *Mephitic Cloud                    Conjuration/Poison/Air       3


   Skills:
 - Level 2.4 Dodging
 - Level 2.3 Stealth
 + Level 4.9 Spellcasting
 + Level 2.4 Conjurations
 - Level 1.1 Summonings
 - Level 1.0 Translocations


You had one spell level left.
You knew the following spells:

 Your Spells              Type           Power        Failure   Level  Hunger
a - Magic Dart            Conj           ###..        4%          1    None
b - Blink                 Tloc           N/A          14%         2    None
c - Call Imp              Summ           ##........   14%         2    None
d - Repel Missiles        Air/Chrm       #.........   21%         2    None
e - Mephitic Cloud        Pois/Air/Conj  ##.......    24%         3    Choko

Dungeon Overview and Level Annotations

Branches:
Dungeon (1/27)

Altars:


Message History

The hound barely misses you.
You hit the hound.
The hound is heavily wounded.
The hound bites you.
* * * LOW HITPOINT WARNING * * *
The hound bites you but does no damage.
You hit the hound but do no damage.
The hound is heavily wounded.
The hound barely misses you.
You hit the hound.
The hound is severely wounded.
The hound completely misses you. The hound closely misses you.
You closely miss the hound.
The hound is severely wounded.
The hound bites you but does no damage. The hound bites you.
* * * LOW HITPOINT WARNING * * *
You barely miss the hound.
The hound is severely wounded.
The hound bites you.
You die...

)..........# #^#
#.# ########..(#
#.# #.# ###.# #.#
#.# #.# #.# #.#
#.# #.# #.# #.#
#########.# #.#
##########.#
#.........# #.#
.........#)#
#.#####...# #.#
.........#)# #@#
#...# #.#
.........#.# #h#
#...# #.#
#.######## #.#
#...# #.# #.# .
..# #...# #.# #.#
#.# ..# #...# #.#
#.# #.# ...# #.(.#
#.# #.# #.# ...#
#...# #.#
#.########.###...#
#(..# #.#
............ ..#
##### #.#


You could see a hound.

Vanquished Creatures
  A gnoll (D:1)
  A worm (D:1)
  A ball python (D:1)
  8 goblins (D:1)
  3 hobgoblins (D:1)
  4 bats (D:1)
  A giant cockroach (D:1)
  3 kobolds (D:1)
  3 rats (D:1)
25 creatures vanquished.

Notes
Turn   | Place    | Note
--------------------------------------------------------------
     0 | D:1      | RKaid, the Sludge Elf Wizard, began the quest for the Orb.
     0 | D:1      | Reached XP level 1. HP: 9/9 MP: 5/5
    51 | D:1      | Reached skill level 1 in Conjurations
   209 | D:1      | Reached XP level 2. HP: 6/15 MP: 3/8
   412 | D:1      | Reached skill level 4 in Spellcasting
   620 | D:1      | Reached XP level 3. HP: 7/19 MP: 4/11
   688 | D:1      | Learned a level 2 spell: Blink
   691 | D:1      | Learned a level 2 spell: Call Imp
   694 | D:1      | Learned a level 2 spell: Repel Missiles
   698 | D:1      | Learned a level 3 spell: Mephitic Cloud
  1058 | D:1      | Noticed a hound
  1070 | D:1      | Slain by a hound
